 Dungeon Crawl Stone Soup version 0.29-a0-2-g12fcac58f8 (webtiles) character file.

Game seed: 9570100912648199896

606 HallandMoats the Skirmisher (level 7, -6/61 HPs)
             Began as a Ghoul Monk on Jan 27, 2022.
             Mangled by Duvessa (15 damage)
             ... on level 4 of the Dungeon.
             The game lasted 00:04:55 (3766 turns).

HallandMoats the Skirmisher (Ghoul Monk)            Turns: 3766, Time: 00:04:55

Health: -6/61      AC:  9    Str: 20    XL:     7   Next: 42%
Magic:  8/8        EV:  7    Int:  5    God:
Gold:   91         SH:  3    Dex:  6    Spells: 6/6 levels left

rFire   . . .      SeeInvis +     - Unarmed
rCold   + . .      Faith    .   k - +0 buckler
rNeg    + + +      Spirit   .   i - +0 chain mail
rPois   ∞          Reflect  .   f - +0 helmet "Cuubixud" {rCorr Str+3 Dex-5 SInv}
rElec   .          Harm     .   (no cloak)
rCorr   +          Rampage  .   (no gloves)
Will    .....                   (no boots)
Stlth   ..........              (no amulet)
HPRegen 0.00/turn               d - ring of flight
MPRegen 0.11/turn               (no ring)

@: flying, inhibited regen
A: claws 1, cold resistance 1, negative energy resistance 3, inhibited
regeneration, torment resistance 2
a: no special abilities


You were on level 4 of the Dungeon.
You visited 1 branch of the dungeon, and saw 4 of its levels.

You collected 91 gold pieces.

Inventory:

Armour
 f - the +0 helmet "Cuubixud" (worn) {rCorr Str+3 Dex-5 SInv}
   (You took it off Robin on level 2 of the Dungeon)

   Str:       It affects your strength (+3).
   Dex:       It affects your dexterity (-5).
   SInv:      It lets you see invisible.
   rCorr:     It protects you from acid and corrosion.
 i - a +0 chain mail (worn)
 k - a +0 buckler (worn)
Jewellery
 d - a ring of flight (left claw)
 l - a ring of wizardry
 m - an amulet of faith
Wands
 b - a wand of acid (8)
Scrolls
 h - 2 scrolls of fog
 j - a scroll of identify
Potions
 a - a potion of flight
 c - a potion of heal wounds {unknown}
 e - a potion of curing
 g - a potion of might


   Skills:
 * Level 5.4 Fighting
 + Level 2.1 Armour
 + Level 3.5 Dodging
 - Level 2.1 Stealth
 * Level 1.0 Shields
 * Level 5.3 Unarmed Combat
 * Level 3.7 Invocations


You had 6 spell levels left.
You didn't know any spells.
Your spell library contained the following spells:

 Spells                   Type           Power      Damage    Failure   Level
 Freeze                   Ice            0%         1d3       100%        1
 Frozen Ramparts          Ice            0%         1d2       100%        3
 Hailstorm                Conj/Ice       0%         3d3       100%        4


Dungeon Overview and Level Annotations

Branches:
Dungeon (4/15)
 Temple: D:4-7

Altars:
Yredelemnul

Shops:
D:1 =

Annotations:
D:4 Duvessa


Innate Abilities, Weirdness & Mutations

You thrive by killing the living.
You are immune to poison.
You have sharp fingernails.
Your flesh is cold resistant. (rC+)
You are immune to negative energy. (rN+++)
You do not regenerate when monsters are visible.
You are immune to unholy pain and torment.


Message History

You destroy Menkaure!
You start resting.
HP restored.
There is a stone staircase leading down here.
You fly downwards.
Level annotation: Dowan
There is a stone staircase leading up here.
Dowan closely misses you.
You claw Dowan!
Dowan is heavily wounded.
Dowan hits you with a +0 dagger.
You closely miss Dowan.
Dowan is heavily wounded.
Dowan hits you but does no damage.
You claw Dowan!
You kill Dowan!
You feel better.
You hear a distant scream of rage.
Your Shields skill increases to level 1!
No target in view!
No target in view!
Things that are here:
a +0 dagger; a +0 robe Duvessa, Sister of Dowan comes into view.
She is wielding a +0 short sword and wearing a +3 ring mail of cold resistance.
Duvessa goes berserk!
Duvessa rages.
Duvessa hits you with a +0 short sword. Duvessa closely misses you.
Duvessa barely misses you.
You barely miss Duvessa. Duvessa hits you with a +0 short sword!
Duvessa hits you with a +0 short sword.
You scratch Duvessa but do no damage. Duvessa closely misses you.
You closely miss Duvessa. Duvessa barely misses you.
Duvessa hits you with a +0 short sword!
You barely miss Duvessa. Duvessa hits you with a +0 short sword!
* * * LOW HITPOINT WARNING * * *
You scratch Duvessa but do no damage. Duvessa hits you with a +0 short sword!
* * * LOW HITPOINT WARNING * * *
Found a hand axe, 5 atropa-tipped darts and a purple potion.
Duvessa hits you with a +0 short sword!
You die...

###..(..!
#......)
#...... #.....
#.... #...#
#...#
######.@.#
#......e.#
#+###........+
...........<.#
.............#
.........)####
..........#
..........#
..........#


You could see Duvessa (berserk).

Vanquished Creatures
  Sigmund (D:3)
  Menkaure (D:3)
  Dowan (D:4)
  An orc priest (D:3)
  Ijyb (D:3)
  Terence (D:2)
  Natasha (twice) (D:3)
  An orc wizard (D:3)
  Robin (D:2)
  4 adders
  A worm (D:2)
  3 dart slugs
  5 orcs (D:3)
  3 bats
  An endoplasm (D:1)
  2 giant cockroaches
  7 hobgoblins
  5 jackals
  9 kobolds
  2 quokkas (D:1)
  7 ball pythons
  A frilled lizard (D:1)
  18 goblins
  3 rats
81 creatures vanquished.

Vanquished Creatures (others)
  11 fungi (D:3)
11 creatures vanquished.

Grand Total: 92 creatures vanquished

Notes
Turn   | Place    | Note
-------+----------+-------------------------------------------
     0 | D:1      | HallandMoats the Ghoul Monk began the quest for the Orb.
     0 | D:1      | Reached XP level 1. HP: 19/19 MP: 0/0
   201 | D:1      | Reached XP level 2. HP: 24/26 MP: 1/1
   214 | D:1      | Found Uqaol's Jewellery Shoppe.
   805 | D:2      | Reached XP level 3. HP: 33/33 MP: 2/2
   877 | D:2      | Noticed Terence
  1058 | D:2      | Identified the +0 helmet "Cuubixud" {rCorr Str+3 Dex-5
                  | SInv}
  1058 | D:2      | Noticed Robin
  1087 | D:2      | Killed Robin
  1088 | D:2      | Reached skill level 1 in Invocations
  1091 | D:2      | Reached skill level 1 in Armour
  1091 | D:2      | Reached XP level 4. HP: 30/40 MP: 3/3
  1518 | D:2      | Found a faded altar of an unknown god.
  1782 | D:2      | Killed Terence
  1783 | D:2      | Reached XP level 5. HP: 30/46 MP: 5/5
  2178 | D:3      | Noticed Ijyb
  2203 | D:3      | Killed Ijyb
  2412 | D:3      | Noticed Sigmund
  2427 | D:3      | Killed Sigmund
  2428 | D:3      | Reached XP level 6. HP: 32/55 MP: 5/7
  2560 | D:3      | Noticed Natasha
  2566 | D:3      | Killed Natasha
  2569 | D:3      | Identified the +5 longbow of the Thing {freeze, rF+ Str-5
                  | Dex+9}
  2928 | D:3      | Found a basalt altar of Yredelemnul.
  2928 | D:3      | Noticed Natasha
  2936 | D:3      | Killed Natasha
  2937 | D:3      | Reached skill level 5 in Fighting
  3025 | D:3      | Reached skill level 5 in Unarmed Combat
  3033 | D:3      | Reached XP level 7. HP: 61/61 MP: 8/8
  3547 | D:3      | Identified the +1 robe "Rascheem" {Dex+2}
  3596 | D:4      | Noticed Dowan
  3597 | D:4      | Noticed Menkaure
  3608 | D:3      | Killed Menkaure
  3741 | D:4      | Killed Dowan
  3742 | D:4      | Reached skill level 1 in Shields
  3748 | D:4      | Noticed Duvessa
  3766 | D:4      | Mangled by Duvessa

Illustrated notes

Levels and vault maps discovered:
D:1:      tarquinn_simple_flora_water_a, layout_basic, serial_shops,
          nicolae_shop_competitors_out_of_business
D:2:      layout_loops_ring, basic_ecumenical_altar, uniq_robin, uniq_terence
D:3:      kennysheep_goblin_castle, layout_basic,
          mainiacjoe_overflow_cross_hatched, uniq_sigmund, uniq_natasha
D:4:      layout_basic, gammafunk_temple_overflow_wave,
          gammafunk_temple_overflow_statue, serial_glass, glass_columns_b,
          glass_columns_b, kennysheep_generic_room_8, uniq_menkaure, uniq_ijyb,
          uniq_duvessa, uniq_grinder

Skill      XL: |  1  2  3  4  5  6  7 |
---------------+----------------------+-----
Invocations    | 1 3 |  3.7
Fighting       | 4 5 |  5.4
Armour         | 1 2 |  2.1
Unarmed Combat | 4 5 |  5.3
Dodging        | 3 |  3.5
Shields        | 1 |  1.0
Stealth        | |  2.1

Action                   |  1- 3 |  4- 6 |  7- 9 || total
-------------------------+-------+-------+-------++-------
Melee: Unarmed           |    80 |   184 |    16 ||   280
       Punch             |     2 |     5 |       ||     7
  Use: Potion            |     2 |     1 |       ||     3
       Scroll            |       |     2 |       ||     2
Armor: Robe              |     3 |       |       ||     3
       Ring mail         |    25 |    18 |       ||    43
       Chain mail        |       |   106 |     2 ||   108
Dodge: Dodged            |    42 |    95 |     5 ||   142
Block: Buckler           |       |       |     1 ||     1

Table legend: (Time is in decaauts)
 A = Elapsed time spent in this place.
 B = Non-inter-level travel time spent in this place.
 C = Inter-level travel time spent in this place.
 D = Time resting spent in this place.
 E = Time spent auto-exploring this place.
 F = Levels seen in this place.
 G = Mean time per level.
                   A        B        C        D        E       F      G
               +--------+--------+--------+--------+--------+-----+--------+
         Total |   3744 |   3545 |    199 |    242 |   2673 |   4 |  936.0 |
       Dungeon |   3744 |   3545 |    199 |    242 |   2673 |   4 |  936.0 |
               +--------+--------+--------+--------+--------+-----+--------+

Top non-repeatable levels by time:
     D:3: 1683 daAuts
     D:2: 1229 daAuts
     D:1: 797 daAuts
     D:4: 35 daAuts
